Map: Prion Terraces

Players

hydra

  • Race: Zerg Zerg

Namshar - Winner!

  • Race: Zerg Zerg
  • League: Grandmaster

Event: DreamHack ZOWIE Open Leipzig

VOD

Have the link to the VOD?

Description

Time

  • Played on: Jan. 22, 2016, 12:28 p.m.
  • Length: 16:40

All games in this series

Show
View Real Time Build Order
Export as new Build Order

hydra Zerg 

Build Orders: Pool First 

Get SALT Encoding   

  12  0:00  Drone  
  13  0:12  Overlord  
  13  0:17  Drone  
  14  0:30  Drone x2  
  14  0:34  Drone  
  17  0:44  Spawning Pool  
  17  0:47  Drone  
  17  0:49  Extractor  
  16  0:55  Drone  
  17  1:16  Drone  
  17  1:17  Hatchery  
  17  1:31  Queen  
  17  1:32  Zergling x2  
  20  1:36  Drone  
  21  1:43  Overlord  
  21  1:49  Drone  
  21  1:53  Metabolic Boost  
  22  2:03  Drone  
  22  2:07  Queen  
  25  2:12  Drone  
  26  2:21  Roach Warren  
  25  2:31  Drone  
  26  2:37  Overlord  
  26  2:43  Drone  
  26  2:53  Drone  
  27  3:02  Roach x5  
  27  3:04  Extractor  
  37  3:13  Roach x3  
  37  3:16  Overlord  
  43  3:25  Roach  
  35  3:34  Roach  
  35  3:39  Roach  
  32  3:42  Drone  
  32  3:45  Drone  
  31  3:49  Drone  
  31  3:53  Drone  
  33  3:57  Drone  
  33  4:02  Drone  
  35  4:07  Drone, Ravager  
  37  4:10  Drone  
  37  4:15  Extractor  
  37  4:22  Drone  
  37  4:23  Drone  
  39  4:26  Roach x2  
  39  4:29  Roach  
  45  4:37  Roach  
  47  4:50  Drone  
  47  4:52  Drone  
  45  5:01  Roach  
  45  5:03  Drone x2  
  45  5:04  Drone x2  
  45  5:05  Drone  
  45  5:06  Drone  
  47  5:11  Extractor  
  47  5:12  Queen  
  48  5:15  Drone  
  48  5:18  Drone  
  50  5:23  Drone  
  50  5:27  Overlord  
  51  5:33  Ravager  
  52  5:37  Hatchery, Overlord  
  52  5:41  Ravager  
  52  5:47  Drone  
  53  5:50  Ravager  
  53  5:55  Drone, Roach x2  
  59  6:01  Drone x2  
  61  6:08  Drone, Overlord x2  
  61  6:09  Extractor  
  61  6:12  Roach  
  61  6:18  Overlord  
  63  6:23  Ravager x2  
  65  6:27  Overlord  
  65  6:28  Roach x3  
  65  6:30  Drone  
  65  6:32  Drone  
  73  6:35  Roach x2  
  77  6:40  Overlord  
  75  6:48  Drone  
  75  6:50  Overlord  
  75  6:52  Ravager  
  75  6:53  Ravager  
  78  6:56  Queen  
  78  7:01  Roach x3  
  86  7:02  Roach  
  86  7:06  Roach  
  90  7:12  Ravager  
  90  7:15  Ravager  
  92  7:16  Drone x3  
  92  7:20  Overlord  
  92  7:21  Roach x2  
  96  7:47  Roach x3  
  96  7:48  Roach x8  
  114  7:56  Roach x2  
  103  8:19  Drone  
  86  8:20  Drone x2  
  86  8:23  Drone  
  86  8:25  Roach x5  
  99  8:30  Lair  
  99  8:34  Ravager x3  
  102  8:36  Drone x2  
  102  8:37  Drone  
  102  8:38  Ravager, Extractor  
  105  8:43  Overlord x2  
  107  8:48  Roach x4  
  113  8:56  Drone  
  113  8:59  Overlord x2  
  114  9:05  Roach x4  
  114  9:06  Evolution Chamber  
  119  9:20  Roach x8  
  114  9:26  Roach x4  
  100  9:31  Roach  
  100  9:34  Roach  
  88  9:39  Roach  
  88  9:40  Roach x4  
  92  9:48  Roach x4  
  96  9:54  Glial Reconstitution  
  96  10:00  Roach x3  
  96  10:03  Roach  
  102  10:07  Roach  
  102  10:08  Roach x2  
  102  10:12  Roach x4  
  112  10:18  Roach x3  
  112  10:24  Queen  
  112  10:26  Roach x2  
  118  10:29  Zerg Missile Weapons Level 1  
  118  10:32  Overseer  
  118  10:35  Extractor  
  118  10:37  Drone x2  
  118  10:39  Drone  
  118  10:47  Roach  
  118  10:48  Roach x5  
  124  11:00  Roach  
  124  11:01  Roach x4  
  128  11:07  Roach x2  
  112  11:13  Roach x5  
  104  11:24  Roach x5  
  102  11:28  Roach x2  
  94  11:34  Roach  
  96  11:40  Hatchery  
  96  11:44  Ravager x2  
  96  11:45  Ravager x3  
  96  11:46  Ravager  
  101  11:50  Drone x2  
  101  11:51  Roach  
  101  11:52  Roach x2  
  109  11:55  Overlord  
  109  12:02  Roach x3  
  109  12:07  Roach x2  
  117  12:19  Roach x6  
  129  12:27  Zerg Missile Weapons Level 2  
  129  12:28  Roach x2  
  133  12:33  Ravager x2  
  133  12:34  Ravager  
  136  12:37  Roach x2  
  136  12:42  Roach x3  
  146  12:46  Roach x2  
  150  12:51  Roach  
  150  12:54  Roach  
  154  13:00  Roach x2  
  154  13:04  Roach  
  156  13:24  Roach x8  
  160  13:31  Overlord x2  
  160  13:50  Ravager x6  
  160  13:51  Ravager x3  
  160  13:52  Roach x3  
  160  13:54  Overlord x3  
  160  13:55  Overlord  
  175  14:05  Overlord  
  175  14:14  Roach x8  
  189  14:29  Roach  
  189  14:30  Roach x6  
  158  14:48  Roach x7  
  158  14:56  Roach  
  158  14:57  Roach x3  
  168  15:00  Roach  
  168  15:03  Roach  
  168  15:06  Ravager x2  
  168  15:07  Ravager  
  170  15:18  Roach x5  
  180  15:22  Roach x2  
  180  15:27  Ravager x2  
  186  15:34  Roach  
  186  15:35  Roach x3  
  194  15:55  Queen x2  
  194  15:56  Queen  
Show
View Real Time Build Order
Export as new Build Order

Namshar Zerg - Winner!

Build Orders: Pool First 

Get SALT Encoding   

  12  0:00  Drone  
  13  0:08  Drone  
  14  0:17  Overlord  
  14  0:22  Extractor  
  14  0:23  Drone  
  15  0:35  Drone  
  15  0:36  Drone  
  15  0:41  Extractor  
  16  0:43  Drone  
  17  0:50  Spawning Pool  
  17  0:55  Drone  
  17  1:05  Drone  
  18  1:15  Drone  
  19  1:24  Hatchery  
  18  1:27  Drone  
  19  1:36  Queen  
  21  1:43  Metabolic Boost  
  21  1:46  Drone  
  22  1:58  Overlord  
  22  2:04  Baneling Nest  
  22  2:06  Zergling x2  
  22  2:16  Queen  
  24  2:26  Zergling x4  
  26  2:32  Zergling x2  
  27  2:41  Zergling x2  
  28  2:45  Zergling x6  
  28  2:46  Zergling x2  
  31  2:51  Zergling x2  
  32  2:59  Zergling x4  
  32  3:05  Baneling  
  34  3:06  Overlord  
  34  3:11  Drone  
  35  3:16  Overlord  
  33  3:28  Zergling x6  
  34  3:40  Zergling x2  
  34  3:41  Zergling x6  
  34  3:44  Zergling x4  
  34  3:45  Zergling x2  
  34  3:53  Zergling x2  
  34  3:55  Zergling x2  
  36  4:05  Zergling x2  
  36  4:06  Zergling x2  
  38  4:12  Zergling x2  
  39  4:19  Drone x7  
  46  4:27  Overlord  
  46  4:29  Drone  
  47  4:33  Roach Warren  
  40  4:54  Drone x5  
  40  4:59  Zergling x6  
  45  5:01  Drone  
  45  5:03  Zergling x2  
  41  5:11  Extractor  
  40  5:16  Roach x5  
  50  5:26  Drone x2  
  52  5:33  Drone  
  53  5:37  Hatchery  
  53  5:39  Ravager x4  
  53  5:42  Overlord  
  56  5:44  Drone x4  
  56  5:48  Overlord  
  60  6:02  Overlord  
  60  6:05  Lair  
  60  6:06  Evolution Chamber  
  60  6:07  Drone, Extractor  
  60  6:09  Drone x3  
  62  6:14  Baneling x2  
  62  6:15  Baneling  
  62  6:18  Overlord  
  62  6:19  Baneling  
  62  6:29  Roach  
  64  6:35  Roach  
  64  6:36  Roach  
  66  6:48  Roach  
  66  6:49  Roach x3  
  66  6:51  Drone  
  66  6:52  Drone x6, Queen  
  83  6:56  Extractor  
  83  7:00  Drone  
  83  7:12  Zerg Missile Weapons Level 1  
  83  7:13  Drone x3  
  86  7:16  Drone x2, Overlord x2  
  86  7:17  Glial Reconstitution  
  86  7:20  Roach  
  90  7:26  Overlord x3  
  89  7:34  Overlord x2  
  86  7:37  Roach  
  86  7:38  Roach x3  
  86  7:44  Roach x3  
  88  7:53  Roach x4  
  88  7:58  Roach x2  
  95  8:05  Roach x3  
  92  8:13  Roach  
  86  8:22  Roach x2  
  86  8:25  Ravager  
  91  8:27  Ravager  
  91  8:28  Roach  
  91  8:29  Overlord  
  91  8:30  Overlord  
  91  8:32  Queen  
  91  8:41  Roach x3  
  97  8:49  Queen  
  97  8:51  Ravager  
  97  8:52  Ravager  
  97  8:53  Drone  
  97  8:55  Drone  
  103  8:59  Drone x2  
  103  9:02  Ravager  
  106  9:03  Roach x2  
  106  9:06  Overlord  
  106  9:08  Roach x2  
  102  9:25  Roach x6  
  104  9:31  Roach x3  
  104  9:34  Roach  
  101  9:48  Roach  
  101  9:49  Roach x4  
  103  9:56  Drone, Extractor  
  103  9:57  Drone  
  103  9:59  Drone  
  105  10:03  Roach x2  
  109  10:09  Hatchery  
  109  10:11  Roach  
  104  10:19  Roach x2  
  96  10:23  Roach x4  
  96  10:27  Drone x2  
  106  10:30  Drone x2  
  106  10:31  Ravager x3  
  106  10:32  Roach  
  113  10:37  Roach x2  
  113  10:38  Roach  
  119  10:53  Roach x3  
  125  11:00  Roach x8  
  133  11:08  Roach  
  133  11:09  Roach x4  
  135  11:11  Roach  
  135  11:14  Roach  
  135  11:16  Roach  
  126  11:20  Roach  
  126  11:22  Roach x2  
  122  11:27  Roach  
  114  11:33  Roach x3  
  114  11:39  Queen  
  120  11:44  Drone  
  120  11:45  Extractor  
  120  11:46  Drone x3  
  123  11:47  Zerg Missile Weapons Level 2  
  123  11:49  Ravager, Roach  
  123  11:51  Overlord x2  
  123  11:52  Drone x4  
  130  11:55  Drone x2  
  130  11:56  Roach x3  
  130  12:00  Roach x2  
  142  12:06  Roach  
  145  12:08  Overlord, Ravager  
  145  12:09  Overlord  
  145  12:19  Roach x5  
  145  12:20  Roach x2  
  159  12:27  Roach x5  
  159  12:29  Extractor  
  161  12:32  Roach x2  
  161  12:33  Roach  
  167  12:40  Ravager  
  167  12:41  Roach x2  
  172  12:48  Roach  
  172  12:49  Roach x4  
  182  13:01  Ravager x2  
  182  13:02  Roach x3  
  182  13:04  Drone  
  191  13:06  Drone x2, Extractor  
  191  13:07  Drone  
  191  13:08  Hatchery  
  165  13:24  Roach  
  165  13:25  Roach x9  
  167  13:30  Roach  
  167  13:31  Roach x2  
  171  13:35  Drone, Spire  
  171  13:36  Drone  
  172  13:44  Ravager x3  
  172  13:47  Ravager  
  176  13:48  Ravager  
  176  13:52  Roach x4  
  185  14:01  Roach  
  185  14:02  Roach x6  
  199  14:03  Drone  
  199  14:06  Overseer, Extractor  
  197  14:16  Roach x2  
  175  14:31  Roach x6  
  175  14:32  Roach x4  
  175  14:37  Roach x5  
  188  14:57  Mutalisk x5  
  198  15:03  Mutalisk  
  198  15:05  Extractor  
  195  15:20  Mutalisk x2  
  195  15:21  Mutalisk  
  197  15:28  Mutalisk  
  195  15:54  Mutalisk x2  
  145  16:04  Roach x7  
  145  16:05  Roach x7  
  145  16:09  Mutalisk x2  
  154  16:11  Roach x3  

Tags
 
Add a new tag
Caveats
  • Supply blocks, unpowered buildings, or Contaminate may cause inaccurate times.
  • Supply counts are checked every 10 seconds.